 Dungeon Crawl Stone Soup version 0.29.1-14-g9c671dbff4 (webtiles) character file.

Game seed: 1674753042097216712

14 hawla the Firebug (level 2, -4/20 HPs)
             Began as a Meteoran Fire Elementalist on Feb 18, 2023.
             Slain by Menkaure (21 damage)
             ... on level 4 of the Dungeon.
             The game lasted 00:00:56 (174 turns).

hawla the Firebug (Meteoran Fire Elementalist)       Turns: 174, Time: 00:00:58

Health: -4/20      AC:  3    Str:  9    XL:     2   Next: 82%
Magic:  3/7        EV: 12    Int: 16    God:
Gold:   38         SH:  0    Dex: 14    Spells: 4/7 levels left

rFire   . . .      SeeInvis .   (no weapon)
rCold   . . .      Faith    .   (no shield)
rNeg    + . .      Spirit   .   a - +0 robe
rPois   .          Reflect  .   c - +0 helmet
rElec   .          Harm     .   (no cloak)
rCorr   .          Rampage  .   (no gloves)
Will    .....                   (no boots)
Stlth   +.........              (no amulet)
HPRegen 0.06/turn               d - ring of positive energy
MPRegen 0.10/turn               (no ring)

@: glowing
A: sense surroundings 1, otherworldly, glowing, explore regen
a: no special abilities


You were on level 4 of the Dungeon.
You visited 1 branch of the dungeon, and saw 4 of its levels.

You collected 38 gold pieces.

Inventory:

Armour
 a - a +0 robe (worn)
 c - a +0 helmet (worn)
Jewellery
 d - a ring of positive energy (left hand)
Potions
 b - a potion of magic


   Skills:
 + Level 2.5 Dodging
 - Level 1.4 Stealth
 + Level 3.1 Spellcasting
 + Level 1.2 Conjurations
 + Level 4.2 Fire Magic


You had 4 spell levels left.
You knew the following spells:

 Your Spells              Type           Power      Damage    Failure   Level
a - Foxfire               Conj/Fire      44%        2x1d6     6%          1
b - Scorch                Fire           32%        2d6       4%          2

Your spell library contained the following spells:

 Spells                   Type           Power      Damage    Failure   Level
 Conjure Flame            Conj/Fire      11%        6-21      19%         3
 Inner Flame              Hex/Fire       9%         N/A       24%         3
 Flame Wave               Conj/Fire      11%        2d6       52%         4


Dungeon Overview and Level Annotations

Branches:
Dungeon (4/15) Zot: 2226
 Temple: D:4-7

Altars:

Annotations:
D:4 Menkaure


Innate Abilities, Weirdness & Mutations

You passively map a small area around you.
You are easily found by Zot.
You glow in the dark.
You regain HP and MP as you explore.


Message History

Confirm with . or Enter, or press ? or * to list all spells.
Flames lash the quokka.
You kill the quokka!
The foxfire hits the ufetubus.
The ufetubus is lightly wounded.
The foxfire hits the ufetubus.
The ufetubus is moderately wounded.
The ufetubus hits you. x2
Casting: Scorch (safe; 5% risk of failure)
Confirm with . or Enter, or press ? or * to list all spells.
You conjure some foxfire!
The ufetubus barely misses you. The ufetubus hits you.
The ufetubus hits you but does no damage.
The ufetubus barely misses you.
Casting: Foxfire (safe; 6% risk of failure)
Confirm with . or Enter, or press ? or * to list all spells.
Flames lash the ufetubus.
The ufetubus is burned terribly!
You kill the ufetubus!
Unknown command.
You see here a quokka corpse.
Found a stone staircase leading down.
There is a stone staircase leading down here.
You climb downwards.
Magic restored.
Menkaure shouts!
Found 9 stones, 10 gold pieces and a yellow potion.
Found a stone staircase leading up.
There is a stone staircase leading up here.
Casting: Scorch (safe; 4% risk of failure)
Confirm with . or Enter, or press ? or * to list all spells.
Flames lash Menkaure.
Menkaure is burned terribly!
Menkaure is moderately damaged.
Menkaure's fire resistance burns away.
Unknown command.
Casting: Scorch (safe; 4% risk of failure)
Confirm with . or Enter, or press ? or * to list all spells.
Flames lash Menkaure.
Menkaure is burned terribly!
Menkaure is heavily damaged.
Menkaure hits you!!
Ouch! That really hurt!
You die...

* , .. * , *#.#
* *..### , * ,
*#.^.. , , **
##...#* ,
###....# *
,#....M.# *,, ,
,#@# ,*
#.(........(. *
*#.#..≈≈≈...##*
* ,#..≈$≈...# *
##.≈≈≈.#.#
#...... # , , *
##..#..# * *
#<.#!.. *


You could see Menkaure (combustible).

Vanquished Creatures
  An ufetubus (D:3)
  2 endoplasms
  2 giant cockroaches
  2 quokkas
  A rat (D:2)
8 creatures vanquished.

Vanquished Creatures (others)
  23 foxfires
23 creatures vanquished.

Grand Total: 31 creatures vanquished

Notes
Turn   | Place    | Note
-------+----------+-------------------------------------------
     0 | D:1      | hawla the Meteoran Fire Elementalist began the quest for
                  | the Orb.
     0 | D:1      | Reached XP level 1. HP: 14/14 MP: 5/5
   107 | D:2      | Reached XP level 2. HP: 18/20 MP: 5/7
   145 | D:2      | Reached skill level 4 in Fire Magic
   148 | D:2      | Learned a level 2 spell: Scorch
   172 | D:4      | Noticed Menkaure
   174 | D:4      | Slain by Menkaure

Illustrated notes

Levels and vault maps discovered:
D:1:      scummos_arrival_forest, layout_basic, ebering_ecumenical_altar_mist
D:2:      layout_loops_ring, basic_altar, uniq_terence
D:3:      layout_loops_ring, item_on_display_a
D:4:      layout_rooms, corexii_item_surrounded_by_moat,
          hangedman_decor_slide_cut, uniq_menkaure

Skill      XL: |  1  2 |
---------------+-------+-----
Spellcasting   | 3 |  3.1
Fire Magic     | 4 |  4.2
Dodging        | |  2.5
Stealth        | |  1.4
Conjurations   | |  1.2

Action                   || total
-------------------------++-------
Melee: Unarmed           ||     9
 Cast: Foxfire           ||    12
       Scorch            ||     4
Armor: Robe              ||     5
Dodge: Dodged            ||     8
